AoeStats
← HR Pinkman

Arabia

508785676Analyzed
1v1 RM · 7d ago on Sep 24, 2026· 69m 10s· 2 players
Game mode
Random Map
Map size
Tiny (2 player)
Population
200
Speed
Normal
Resources
Standard
Victory
Conquest
Starting age
Dark Age
Ending age
Imperial Age
RankedLock teamsTeams togetherTeam positionsShared explorationLock speedFull tech treeHidden civsTurbo modeCheats
Victory
Defeat
🇨🇱 Shu · Chile
2169
+21
🇹🇼 Wu · Taiwan
2280
-21
HR Pinkman
6:02 Loom
8:42 Feudal Age
9:27 Double-Bit Axe
12:03 Fletching
17:58 Castle Age
16:36 Horse Collar
18:35 Bodkin Arrow
18:01 Crossbowman
19:50 Ballistics
21:04 Padded Archer Armor
21:41 Wheelbarrow
36:20 Imperial Age
35:30 Thumb Ring
36:10 Hand Cart
36:24 Town Watch
37:04 Bracer
38:05 Chemistry
37:03 Arbalester
38:49 Bolt Magazine
38:53 Gold Mining
39:44 Leather Archer Armor
42:23 Ring Archer Armor
43:42 Conscription
43:47 Masonry
44:11 Heavy Plow
45:57 Architecture
45:32 Siege Engineers
46:24 Scale Barding Armor
46:29 Forging
47:21 Hoardings
47:18 Husbandry
46:39 Heavy Hei Guang Cavalry
47:43 Bow Saw
48:09 Siege Engineers
48:34 Chain Barding Armor
50:15 Plate Barding Armor
50:43 Light Cavalry
52:36 Treadmill Crane
55:04 Town Watch
56:54 Guilds
59:02 Scale Mail Armor
ANKR.Tank20089
6:21 Loom
8:43 Feudal Age
9:36 Double-Bit Axe
18:15 Castle Age
16:21 Horse Collar
17:07 Gold Mining
17:07 Fletching
17:46 Padded Archer Armor
18:16 Crossbowman
18:52 Bodkin Arrow
19:34 Scale Mail Armor
20:26 Ballistics
20:29 Town Watch
21:03 Squires
23:19 Bow Saw
28:27 Wheelbarrow
37:58 Imperial Age
36:10 Hand Cart
36:09 Stone Mining
36:43 Heavy Plow
37:16 Elite Skirmisher
38:46 Bracer
38:09 Arbalester
39:59 Chemistry
41:15 Leather Archer Armor
41:16 Sitting Tiger
43:19 Guilds
44:12 Gold Shaft Mining
44:13 Stone Shaft Mining
45:18 Scale Barding Armor
45:23 Forging
46:32 Chain Barding Armor
46:44 Pikeman
47:40 Chain Mail Armor
48:33 Light Cavalry
49:26 Bloodlines
49:17 Husbandry
50:45 Plate Barding Armor
50:46 Iron Casting
50:12 Heavy Hei Guang Cavalry
52:39 Blast Furnace
53:11 Plate Mail Armor
53:56 Two-Man Saw
54:30 Hussar
56:13 Halberdier
57:33 Conscription
57:16 Red Cliffs Tactics
57:58 Herbal Medicine
Connection lost

Rejoining the realm…

Still unreachable

The connection could not be restored.

Session expired

The server has moved on; the page needs a fresh start.